 Dungeon Crawl Stone Soup version 0.26-a0-660-gc07710193c (webtiles) character file.

Game seed: 8631011813345553458

9312 rogsnak the Geomancer (level 11, -29/62 HPs)
             Began as a Gargoyle Earth Elementalist on Oct 6, 2020.
             Was a Priest of Sif Muna.
             Killed from afar by a fire giant (46 damage)
             ... with a fireball
             ... on level 10 of the Dungeon.
             The game lasted 00:36:41 (13410 turns).

rogsnak the Geomancer (GrEE)                       Turns: 13410, Time: 00:36:42

Health: -29/62     AC: 13    Str: 24    XL:     11   Next: 44%
Magic:  23/23      EV: 14    Int: 28    God:    Sif Muna [***...]
Gold:   561        SH:  0    Dex: 10    Spells: 18/27 levels left

rFire    . . .     SeeInvis .   U - +2 short sword "Puxafroi" {vorpal, *Contam Str+6 Int+3} (curse)
rCold    . . .     Faith    .   (no shield)
rNeg     + + .     Spirit   .   y - +1 leather armour "Asush" {*Contam rN+ Int+6 Stlth+}
rPois    ∞         Reflect  .   D - +0 helmet
rElec    +         Harm     .   K - scarf {repulsion}
rCorr    .         Rampage  .   (no gloves)
MR       .....                  (no boots)
Stlth    +++.......             p - amulet of magic regeneration
HPRegen  0.20/turn              E - +6 ring of strength
MPRegen  0.43/turn              (no ring)

@: repel missiles
A: negative energy resistance 1, electricity resistance, unbreathing,
petrification resistance, rot immunity, AC +8
a: Channel Magic, Forget Spell, Renounce Religion


You were on level 10 of the Dungeon.
You worshipped Sif Muna.
Sif Muna was most pleased with you.
You visited 2 branches of the dungeon, and saw 11 of its levels.

You collected 561 gold pieces.

Inventory:

Hand Weapons
 S - a +1 trident of flaming
 U - the cursed +2 short sword "Puxafroi" (weapon) {vorpal, *Contam Str+6 Int+3}
   (You found it on level 7 of the Dungeon)

   It inflicts extra damage upon your enemies.
   It affects your strength (+6).
   It affects your intelligence (+3).
   It causes magical contamination when unequipped.
   It has a curse placed upon it.
 X - the +11 dire flail of Linearity {vorpal, Str-3 Int+8}
   (You found it on level 7 of the Dungeon)

   It inflicts extra damage upon your enemies.
   It affects your strength (-3).
   It affects your intelligence (+8).
Missiles
 b - 260 stones (quivered)
 m - 12 boomerangs
 v - 4 throwing nets
 x - 284 arrows
 C - 2 datura-tipped darts
 M - 47 poisoned darts
Armour
 c - a +0 robe
 y - the +1 leather armour "Asush" (worn) {*Contam rN+ Int+6 Stlth+}
   (You found it on level 6 of the Dungeon)

   It affects your intelligence (+6).
   It protects you from negative energy.
   It causes magical contamination when unequipped.
   It makes you more stealthy.
 z - a +0 cloak
 D - a +0 helmet (worn)
 K - a scarf of repulsion (worn)
 N - a cursed +0 ring mail
 O - a +1 robe of fire resistance
Magical Staves
 w - an uncursed staff of fire
 T - an uncursed staff of air {unknown}
 V - an uncursed staff of conjuration {unknown}
 W - an uncursed staff of earth {unknown}
Jewellery
 p - an amulet of magic regeneration (around neck)
 E - a +6 ring of strength (left hand)
Wands
 t - a wand of flame (22)
 u - a wand of paralysis (10)
 J - a wand of polymorph (3)
 Q - a wand of iceblast (5)
 R - a wand of random effects (25)
Scrolls
 a - 7 scrolls of teleportation
 e - 2 scrolls of fear {unknown}
 f - a scroll of enchant weapon {unknown}
 g - a scroll of magic mapping {unknown}
 i - 2 scrolls of noise {unknown}
 j - a scroll of identify
 n - 3 scrolls of fog
 r - 5 scrolls of enchant armour
 G - a scroll of remove curse
 H - 3 scrolls of amnesia {unknown}
 L - a scroll of immolation {unknown}
 P - a scroll of holy word {unknown}
Potions
 d - 4 potions of resistance {unknown}
 h - 5 potions of magic {unknown}
 k - 4 potions of curing {unknown}
 l - 2 potions of mutation
 o - a potion of flight
 q - 2 potions of haste {unknown}
 s - 3 potions of stabbing {unknown}
 A - a potion of might
 B - 4 potions of brilliance {unknown}
 F - 2 potions of heal wounds
 I - a potion of berserk rage


   Skills:
 + Level 4.4 Fighting
 + Level 4.1 Armour
 + Level 5.7 Dodging
 - Level 2.1 Stealth
 + Level 8.6 Spellcasting
 * Level 9.6 Conjurations
   Level 0.7 Transmutations
 + Level 10.7 Earth Magic


You had 18 spell levels left.
You knew the following spells:

 Your Spells              Type           Power        Failure   Level
a - Sandblast             Erth           ######       1%          1
b - Stone Arrow           Conj/Erth      ######       1%          3
c - Lee's Rapid Deconstr  Erth           ######....   1%          5

Your spell library contained the following spells:

 Spells                   Type           Power        Failure   Level
 Passwall                 Tmut/Erth      #####...     1%          2
 Petrify                  Tmut/Erth      #####...     4%          4
 Animate Skeleton         Necr           ##....       5%          1
 Apportation              Tloc           ##....       5%          1
 Corona                   Hex            ##.....      5%          1
 Summon Small Mammal      Summ           ##..         5%          1
 Corpse Rot               Necr/Air       N/A          8%          2
 Dispel Undead            Necr           ##......     45%         4
 Agony                    Necr           ##......     82%         5
 Excruciating Wounds      Necr           ##........   82%         5
 Sublimation of Blood     Necr           Unusable     N/A         2

Dungeon Overview and Level Annotations

Branches:
Dungeon (10/15)            Temple (1/1) D:4            Lair (0/6) D:8
    Orc: D:9-12

Altars:
Ashenzari
Cheibriados
Dithmenos
Elyvilon
Fedhas
Gozag
Hepliaklqana
Kikubaaqudgha
Makhleb
Nemelex Xobeh
Okawaru
Qazlal
Ru
Sif Muna
Trog
Uskayaw
Vehumet
Wu Jian
Xom
Yredelemnul
Zin
The Shining One

Shops:
D:8 *


Innate Abilities, Weirdness & Mutations

You are resistant to torment.
Your stone body is resilient. (AC +8)
You are immune to poison.
You resist negative energy. (rN+)
You are resistant to electric shocks. (rElec)
You can survive without breathing.
You are immune to petrification.
You are immune to rotting.


Message History

There is a large open translucent door here.
You see here a glowing shapeshifter corpse.
You see here a glowing shapeshifter corpse.
There is a large open translucent door here.
There is an open door here.
The fire giant shouts!
Casting: Stone Arrow (safe; 1% risk of failure)
Confirm with . or Enter, or press ? or * to list all spells.
Aiming: Stone Arrow (safe; 1% risk of failure)
Press: ? - help, Shift-Dir - straight line, f - fire giant
Aim: a fire giant, wielding a +2 great sword of flaming
Okay, then.
The fire giant casts a spell at you. The bolt of fire hits you!!!
Ouch! That really hurt!
* * * LOW HITPOINT WARNING * * *
The fire giant gestures at you while chanting.
The fireball explodes!
The fireball engulfs you!!!
Ouch! That really hurt!
You die...

...................#.##
#.....#
........#............#
#.....#
.......##..........###
#.....#
#####.###..........#
##'#### #.# #....<.....#
#..## #.# #...>......#
##..## #.#
###.################..###
#.# #>.....#
#............. #.#
########@###...########..
##.#
#.............##......##.
#..#
#...........#C#..#..#..#.
#.##
#...........#.#._#..#_.#.
#.#
#...........#C#..#†.#..#.
##.#
#...........#.#⌠.#..#.⌠#.
#..#
#...........#.####''####.
#.##
#...........#...8#..#8...
#.#
#.÷.........'...'....'...


You could see a fire giant.

Vanquished Creatures
  Harold (D:8)
  A two-headed ogre (D:8)
  2 deep elf magi
  A cyclops (D:7)
  A moth of wrath (shapeshifter) (D:10)
  5 trolls
  Sigmund (D:3)
  A vampire (D:10)
  Menkaure (D:5)
  A water moccasin (D:7)
  A sky beast (D:8)
  2 ice beasts
  3 orc warriors
  4 black bears
  3 phantoms
  3 centaurs
  6 ogres
  A big kobold (D:8)
  8 bullfrogs
  5 scorpions
  A water moccasin skeleton (D:5)
  15 killer bees
  6 wights
  2 howler monkeys
  A bullfrog zombie (D:8)
  A jelly (D:7)
  A centaur zombie (D:7)
  A bullfrog skeleton (D:4)
  An orc priest (D:4)
  4 hounds
  A centaur skeleton (D:7)
  Terence (D:3)
  4 iguanas
  3 orc wizards
  6 worker ants
  2 hound zombies
  2 hound skeletons (D:7)
  2 worker ant zombies
  3 gnolls
  12 adders
  3 shadow imps
  A white imp (D:6)
  2 ufetubi
  2 oozes (D:4)
  2 worms
  A dart slug (D:3)
  9 leopard geckos
  25 orcs
  A ball python (D:2)
  8 giant cockroaches
  13 hobgoblins
  7 jackals
  2 quokkas
  4 bats
  7 frilled lizards
  8 goblins
  A jackal skeleton (D:5)
  10 kobolds
  A quokka skeleton (D:5)
  10 rats
237 creatures vanquished.

Vanquished Creatures (others)
  16 fungi (D:8)
  16 plants
32 creatures vanquished.

Grand Total: 269 creatures vanquished

Notes
Turn   | Place    | Note
-------+----------+-------------------------------------------
     0 | D:1      | rogsnak the Gargoyle Earth Elementalist began the quest for
                  | the Orb.
     0 | D:1      | Reached XP level 1. HP: 10/10 MP: 3/3
   663 | D:1      | Reached skill level 4 in Earth Magic
   663 | D:1      | Reached XP level 2. HP: 12/15 MP: 5/5
  2022 | D:2      | Found a faded altar of an unknown god.
  2025 | D:2      | Reached XP level 3. HP: 20/20 MP: 6/6
  2378 | D:2      | Found a hazy altar of Hepliaklqana.
  2378 | D:2      | Found a burning altar of Makhleb.
  2530 | D:2      | Found a shimmering altar of Xom.
  3301 | D:3      | Noticed Terence
  3369 | D:3      | Reached skill level 1 in Fighting
  3381 | D:3      | Learned a level 3 spell: Stone Arrow
  3407 | D:3      | Noticed Sigmund
  3453 | D:3      | Killed Sigmund
  3453 | D:3      | Reached skill level 1 in Conjurations
  3453 | D:3      | Reached skill level 5 in Earth Magic
  3453 | D:3      | Reached XP level 4. HP: 14/26 MP: 1/7
  3453 | D:3      | Reached XP level 5. HP: 17/30 MP: 1/8
  3725 | D:3      | Found a blossoming altar of Fedhas.
  3795 | D:3      | Killed Terence
  3795 | D:3      | Reached XP level 6. HP: 35/35 MP: 2/9
  5158 | D:4      | Reached XP level 7. HP: 40/40 MP: 4/11
  5977 | D:4      | Found a staircase to the Ecumenical Temple.
  5983 | Temple   | Entered the Ecumenical Temple
  6038 | Temple   | Became a worshipper of Sif Muna the Loreminder
  6235 | D:5      | Entered Level 5 of the Dungeon
  6238 | D:5      | Noticed Menkaure
  6241 | D:5      | Killed Menkaure
  6241 | D:5      | Reached skill level 6 in Earth Magic
  6661 | D:5      | Learned a level 5 spell: Lee's Rapid Deconstruction
  6950 | D:5      | Reached XP level 8. HP: 42/45 MP: 13/13
  8036 | D:6      | Got a brightly glowing leather armour
  8130 | D:6      | Found a sacrificial altar of Ru.
  8186 | D:6      | Identified the +1 leather armour "Asush" {*Contam rN+ Int+6
                  | Stlth+} (You found it on level 6 of the Dungeon)
  8383 | D:6      | Found a broken altar of Ashenzari.
  8490 | D:6      | Reached skill level 7 in Earth Magic
  8608 | D:6      | Found a snail-covered altar of Cheibriados.
  8726 | D:7      | Reached * piety under Sif Muna
  8739 | D:7      | Reached skill level 5 in Spellcasting
  8755 | D:7      | Reached skill level 1 in Armour
  8755 | D:7      | Reached XP level 9. HP: 45/51 MP: 7/16
  8860 | D:7      | Noticed a troll
  8880 | D:7      | Reached skill level 5 in Conjurations
  9159 | D:7      | Killed a troll
  9159 | D:7      | Reached skill level 5 in Dodging
  9159 | D:7      | Reached skill level 8 in Earth Magic
  9291 | D:7      | Noticed a deep elf mage
  9301 | D:7      | Killed a deep elf mage
  9410 | D:7      | Noticed a cyclops
  9415 | D:7      | Killed a cyclops
  9422 | D:7      | Got a glimmering short sword
  9431 | D:7      | Got an encrusted dire flail
  9432 | D:7      | Identified the cursed +2 short sword "Puxafroi" {vorpal,
                  | *Contam Str+6 Int+3} (You found it on level 7 of the
                  | Dungeon)
  9438 | D:7      | Identified the +11 dire flail of Linearity {vorpal, Str-3
                  | Int+8} (You found it on level 7 of the Dungeon)
  9827 | D:7      | Reached XP level 10. HP: 56/56 MP: 15/19
  9872 | D:7      | Reached skill level 9 in Earth Magic
 10199 | D:7      | Reached ** piety under Sif Muna
 10373 | D:8      | Noticed a two-headed ogre
 10568 | D:8      | Found Zin's Purification Station.
 10653 | D:8      | Found a glowing silver altar of Zin.
 11048 | D:8      | Noticed Harold
 11062 | D:8      | Killed Harold
 11077 | D:8      | Found a staircase to the Lair.
 11432 | D:8      | Found an iron altar of Okawaru.
 11676 | D:8      | Found a basalt altar of Yredelemnul.
 11758 | D:8      | Killed a two-headed ogre
 11835 | D:9      | Reached skill level 10 in Earth Magic
 12026 | D:9      | Reached XP level 11. HP: 62/62 MP: 14/23
 12106 | D:9      | Noticed a +0 hand axe
 12106 | D:9      | Noticed a +0 dagger
 12107 | D:9      | Found a hide-covered altar of Uskayaw.
 12120 | D:9      | Found a radiant altar of Vehumet.
 12138 | D:9      | Reached *** piety under Sif Muna
 12205 | D:9      | Found a stormy altar of Qazlal.
 12406 | D:10     | Entered Level 10 of the Dungeon
 12964 | D:10     | Noticed a deep elf mage
 13025 | D:10     | Killed a deep elf mage
 13089 | D:10     | Found a large runed translucent door.
 13089 | D:10     | Found a large runed translucent door.
 13281 | D:10     | Found a sparkling altar of Nemelex Xobeh.
 13281 | D:10     | Noticed a fire giant
 13284 | D:10     | Found a shimmering altar of Xom.
 13300 | D:10     | Noticed a moth of wrath
 13300 | D:10     | a snapping turtle changed into a moth of wrath
 13304 | D:10     | Killed a moth of wrath
 13410 | D:10     | Killed from afar by a fire giant

Illustrated notes

Levels and vault maps discovered:
D:1:      ncdulo_wetmaze, layout_basic
D:2:      layout_basic, gammafunk_temple_overflow_elements,
          chequers_ecumenical_altar_lobes, kennysheep_decorative_pillar,
          minmay_misc_feat_diagonals, tgw_xom
D:3:      layout_loops_ring, fedhas_altar_1, uniq_sigmund, uniq_terence
D:4:      layout_loops_corners, minmay_temple_entry_enclosed_plants
D:5:      layout_loops_corners, uniq_menkaure
D:6:      layout_basic, lemuel_doored_altar, nicolae_ru_path_of_blood,
          marbit_many_paths, hangedman_glass_teeth, fountainhead,
          chequers_avenue, serial_bayou_pond_d
D:7:      layout_loops_corners, minmay_the_grid_2x2 [minmay_the_grid_small_cups,
          minmay_the_grid_garden, minmay_the_grid_minigrid_small,
          minmay_the_grid_prize_diamond_cup]
D:8:      layout_loops_corners, kennysheep_okawaru_gauntlet, zin_purify,
          nicolae_overflow_crystal_walls, grunt_lair_entry_orc_guard_hut,
          uniq_harold
D:9:      layout_irregular_city, dancing_weapons_uskayaw,
          nicolae_qazlal_eye_of_the_storm, overflow_temple_1_default
D:10:     layout_roguey, st_stairs_11, jmf_multi_god_temple2
Temple:   nicolae_temple_figure_zero

Skill      XL: |  1  2  3  4  5  6  7  8  9 10 11 |
---------------+----------------------------------+-----
Earth Magic    | 4 5 6 7 8 10 | 10.7
Dodging        | 2 3 4 5 |  5.7
Fighting       | 2 3 4 |  4.4
Conjurations   | 1 2 3 4 6 8 9 |  9.6
Spellcasting   | 3 5 6 8 |  8.6
Armour         | 1 2 3 4 |  4.1
Stealth        | |  2.1
Transmutations | |  0.7

Action                   |  1- 3 |  4- 6 |  7- 9 | 10-12 || total
-------------------------+-------+-------+-------+-------++-------
Melee: Unarmed           |    72 |       |       |       ||    72
       Dagger            |   105 |       |    11 |       ||   116
       Short sword       |    52 |     3 |   217 |    92 ||   364
       Quarterstaff      |       |   126 |    22 |       ||   148
 Cast: Sandblast         |     9 |    16 |    64 |     8 ||    97
       Stone Arrow       |       |     5 |    57 |   127 ||   189
       Lee's Rapid Decon |       |       |     3 |     5 ||     8
Evoke: Wand              |       |       |     1 |       ||     1
  Use: Scroll            |       |       |    12 |     1 ||    13
 Stab: Sleeping          |     4 |     1 |     5 |     3 ||    13
Armor: Robe              |    53 |    63 |    62 |       ||   178
       Leather armour    |       |       |    40 |    62 ||   102
Dodge: Dodged            |   124 |   132 |   200 |   123 ||   579
       Repelled          |       |       |     1 |       ||     1

Table legend: (Time is in decaauts)
 A = Elapsed time spent in this place.
 B = Non-inter-level travel time spent in this place.
 C = Inter-level travel time spent in this place.
 D = Time resting spent in this place.
 E = Time spent auto-exploring this place.
 F = Levels seen in this place.
 G = Mean time per level.
                   A        B        C        D        E       F      G
               +--------+--------+--------+--------+--------+-----+--------+
         Total |  13521 |  13312 |    209 |   3911 |   3206 |  11 | 1229.2 |
       Dungeon |  13453 |  13244 |    209 |   3911 |   3206 |  10 | 1345.3 |
        Temple |     68 |     68 |      0 |      0 |      0 |   1 |   68.0 |
               +--------+--------+--------+--------+--------+-----+--------+

Top non-repeatable levels by time:
     D:7: 1961 daAuts
     D:2: 1817 daAuts
     D:1: 1711 daAuts
     D:4: 1616 daAuts
     D:5: 1348 daAuts
     D:6: 1146 daAuts
     D:8: 1118 daAuts
     D:3: 1088 daAuts
     D:9: 837 daAuts
    D:10: 807 daAuts
  Temple: 68 daAuts
